Unix NetHack Version 5.0.0-0 post-release - last build May 10 2026 23:12:36 (d1fa5d53e341ca933230fdaa984d921c805b60aa,branch:main).

Game began 2026-05-12 21:42:56, ended 2026-05-12 22:08:57.

Koku, neutral female gnomish Wizard

                                                   ....
          -.                                      ......
          ...                                      |@?.-
   . -   .....  .--                                |q.--
   ... --..... ...|                          -------....
   ......<...|...^--                         |..>...f--
   --...--...|-....--                       --.-------
    |...|    |--....--                     --..|
    |*-          .....|                    |..--
    |...         -....-                    |.--
  ---..-        --.....---                 |.|
  |..%------.----............----.--     ---.|
  |................----............--    |...--
  |....------.....     .|...------..------....|
  --.---     --..                --)..........|
                                  --...--------
                                   -----
Koku the Conjurer         St:10 Dx:12 Co:11 In:18 Wi:15 Ch:9  Neutral
Dlvl:4  $:55 HP:0(27) Pw:34(43) AC:9  Xp:4 T:1169 

Latest messages:
 Tulip is hit by an arrow!
 g - a partly used candle (lit).
 In what direction? 2
 Whoops...
 You see here an arrow.
 An arrow shoots out at you!
 You are hit by an arrow!
 In what direction? 4
 Whoops...
 You see here an arrow.
 An arrow shoots out at you!
 You are hit by an arrow!
 You swap places with Tulip.
 In what direction? 6
 You know of no traps there.
 In what direction? 4
 You know of no traps there.
 In what direction? 7
 Whoops...
 You see here an arrow.
 An arrow shoots out at you!
 You are hit by an arrow!
 You see here an aluminum wand.
 j - an aluminum wand.
 You see here an orange gem.
 k - an orange gem.
 Tulip bites the gnome.
 The gnome misses Tulip.
 Tulip misses the gnome.
 Tulip misses the gnome.
 Tulip bites the gnome.
 The gnome misses Tulip.
 Tulip bites the gnome.
 The gnome is killed!
 Tulip eats a gnome corpse.
 You swap places with Tulip.
 o - 10 arrows.
 r - a bow.
 You swap places with Tulip.
 You see here a scroll labeled HACKEM MUCHE.
 You hit the rothe.
 The rothe hits!
 The rothe bites!
 The rothe bites again!
 You die...
 Do you want your possessions identified? [ynq] (y) y
 Do you want to see your attributes? [ynq] (y) y
 Do you want an account of creatures vanquished? [ynaq] (y) y
 Do you want to see your conduct and achievements? [ynq] (y) y
 Do you want to see the dungeon overview? [ynq] (y) y

Inventory:
 Coins    ('$')
  $ - 55 gold pieces
 Weapons  (')')
  o - 10 +0 arrows
  r - a +0 bow
  q - 2 +0 daggers (at the ready)
  a - a blessed +2 quarterstaff (weapon in hands)
 Armor    ('[')
  u - an uncursed +0 orcish helm
  y - an uncursed +0 pair of iron shoes
  b - an uncursed +0 cloak of magic resistance (being worn)
  z - an uncursed +0 dwarvish cloak
 Comestibles  ('%')
  x - 2 uncursed food rations
 Scrolls  ('?')
  i - an uncursed scroll of destroy armor
  A - an uncursed scroll of identify
 Spellbooks  ('+')
  m - an uncursed spellbook of detect monsters
  l - a blessed spellbook of force bolt
 Potions  ('!')
  f - an uncursed potion of blindness
  t - an uncursed potion of enlightenment
  p - an uncursed potion of fruit juice
  h - an uncursed potion of oil
 Rings    ('=')
  d - an uncursed ring of invisibility
  e - an uncursed ring of searching
 Wands    ('/')
  j - a wand of light (0:13)
  c - a wand of sleep (0:4)
 Tools    ('(')
  n - a magic marker (0:22)
  g - an uncursed partly used wax candle (lit)
 Gems/Stones  ('*')
  s - an uncursed worthless piece of black glass
  k - an uncursed worthless piece of orange glass
  w - an uncursed worthless piece of red glass

Koku the Wizard's attributes:

Background:
 You were a Conjurer, a level 4 female gnomish Wizard.
 You were neutral, nominally on a mission for Thoth
 who was opposed by Ptah (lawful) and Anhur (chaotic).
 You were right-handed.
 You were in the Gnomish Mines, on level 4.
 You entered the dungeon 1169 turns ago.
 It was nighttime.
 You had 120 experience points, 40 more were needed to attain level 5.

Basics:
 You had 0 out of 27 hit points.
 You had 34 out of 43 energy points (spell power).
 Your armor class was 9.
 Your wallet contained 55 zorkmids.
 Autopickup was off.

Final Characteristics:
 Your strength was 10 (limit:18/50).
 Your dexterity was 12 (limit:18).
 Your constitution was 11 (limit:18).
 Your intelligence was 18 (limit:19).
 Your wisdom was 15 (limit:18).
 Your charisma was 9 (limit:18).

Final Status:
 You weren't hungry.
 You were unencumbered.
 You were wielding a quarterstaff.
 You had basic skill with quarterstaff.

Final Attributes:
 You were devoutly aligned.
 You were magic-protected.
 You were telepathic.
 You had infravision.
 You were warded.
 You are dead.

Miscellaneous:
 You didn't encounter any bones levels.
 Total elapsed playing time was 22 minutes and 21 seconds.

Major events:
 Turn
    1: Koku the neutral female gnomish Wizard entered the dungeon
  252: attained the rank of Conjurer (level 3)
  934: entered the Gnomish Mines
 1169: killed by a rothe

Spells:
 Name                 Level Category     Fail Retention
 force bolt             1   attack         0%  91%-100%
 detect monsters        1   divination     0%  76%-100%

Skills:
 Fighting Skills
   bare handed combat [Unskilled]
   riding             [Unskilled]
 Weapon Skills
   dagger             [Unskilled]
   knife              [Unskilled]
   axe                [Unskilled]
   short sword        [Unskilled]
   club               [Unskilled]
   mace               [Unskilled]
   quarterstaff       [Basic]
   polearms           [Unskilled]
   spear              [Unskilled]
   trident            [Unskilled]
   sling              [Unskilled]
   dart               [Unskilled]
   shuriken           [Unskilled]
 Spellcasting Skills
   attack spells      [Basic]
   healing spells     [Unskilled]
   divination spells  [Unskilled]
   enchantment spells [Basic]
   clerical spells    [Unskilled]
   escape spells      [Unskilled]
   matter spells      [Unskilled]

Voluntary challenges:
 Character rerolling was not enabled.
 You were an atheist.
 You never genocided any monsters.
 You never polymorphed an object.
 You never changed form.
 You used no wishes.
Achievements:
 You attained the rank of Conjurer.
 You entered the Gnomish Mines.

 The Dungeons of Doom: levels 1 to 4
    Level 1:
       Many fountains, a sink.
    Level 2:
    Level 3:
       Stairs down to The Gnomish Mines.
    Level 4:
 The Gnomish Mines:
    Level 4: <- You were here.
       Final resting place for
          you, killed by a rothe.


Vanquished creatures:
  a ghost
  a floating eye
  a dwarf
  a homunculus
  a giant bat
  a dwarf zombie
 an acid blob
  a gas spore
  a hobgoblin
  4 cave spiders
  a yellow mold
  a green mold
  2 gnomes
  2 garter snakes
  a gecko
  a jackal
  2 foxes
  4 sewer rats
  2 grid bugs
  3 kobold zombies
  2 newts
34 creatures vanquished.

No species were genocided or became extinct.

Game over:
                       ----------
                      /          \
                     /    REST    \
                    /      IN      \
                   /     PEACE      \
                  /                  \
                  |       Koku       |
                  |      55 Au       |
                  |   killed by a    |
                  |      rothe       |
                  |                  |
                  |                  |
                  |       2026       |
                 *|     *  *  *      | *
        _________)/\\_//(\/(/\)/\//\/|_)_______

Goodbye Koku the Wizard...

You died in The Gnomish Mines on dungeon level 4 with 1168 points,
and 55 pieces of gold, after 1169 moves.
You were level 4 with a maximum of 27 hit points when you died.

